AoeStats
← Bandolero

Arabia

508335986Analyzed
1v1 RM · 10d ago on Sep 22, 2026· 48m 36s· 2 players
Game mode
Random Map
Map size
Tiny (2 player)
Population
200
Speed
Normal
Resources
Standard
Victory
Conquest
Starting age
Dark Age
Ending age
Imperial Age
RankedLock teamsTeams togetherTeam positionsShared explorationLock speedFull tech treeHidden civsTurbo modeCheats
Victory
Defeat
🇦🇷 Saracens · Argentina
1297
+19
🇦🇷 Maya · Argentina
1354
-19
FranGinaro
6:03 Loom
9:39 Feudal Age
10:08 Double-Bit Axe
18:44 Castle Age
17:16 Fletching
17:52 Horse Collar
18:10 Gold Mining
18:45 Crossbowman
19:31 Bodkin Arrow
19:54 Bow Saw
24:44 Padded Archer Armor
25:44 Ballistics
27:50 Wheelbarrow
29:47 Scale Barding Armor
29:52 Forging
29:47 Light Cavalry
30:37 Bloodlines
30:56 Town Watch
36:32 Hand Cart
40:14 Imperial Age
38:12 Thumb Ring
38:24 Leather Archer Armor
38:30 Chain Barding Armor
38:46 Heavy Plow
39:13 Husbandry
40:55 Bracer
40:17 Arbalester
42:10 Chemistry
41:17 Siege Engineers
41:57 Ring Archer Armor
42:47 Plate Barding Armor
41:59 Hussar
43:31 Conscription
43:37 Forging
44:24 Gold Shaft Mining
45:34 Iron Casting
45:13 Counterweights
45:21 Counterweights
47:18 Blast Furnace
Bandolero
0:26 Loom
9:36 Feudal Age
20:34 Castle Age
19:09 Gold Mining
19:18 Fletching
19:49 Double-Bit Axe
20:45 Crossbowman
21:31 Padded Archer Armor
25:56 Bodkin Arrow
29:35 Leather Archer Armor
31:07 Wheelbarrow
31:48 Town Watch
32:49 Stone Mining
35:30 Bow Saw
38:38 Imperial Age
39:31 Stone Shaft Mining
39:42 Ballistics
39:32 Arbalester
40:31 Bracer
41:40 Conscription
43:53 Thumb Ring
45:46 Ring Archer Armor
45:27 Elite Skirmisher
46:11 Hul'che Javelineers
48:25 Eagle Warrior
49:05 Squires
Connection lost

Rejoining the realm…

Still unreachable

The connection could not be restored.

Session expired

The server has moved on; the page needs a fresh start.